 Dungeon Crawl Stone Soup version 0.31.0-32-g396128a36d (webtiles) character file.

Game seed: 11775224027838232647

62 PaiMei the Grave Robber (level 3, 0/26 HPs)
             Began as a Demonspawn Necromancer on Apr 10, 2024.
             Slain by a ribbon worm (6 damage)
             ... on level 3 of the Dungeon.
             The game lasted 00:03:01 (2778 turns).

PaiMei the Grave Robber (Demonspawn Necromancer)    Turns: 2778, Time: 00:03:01

Health: 0/26       AC:  2    Str:  8    XL:     3   Next: 85%
Magic:  0/6        EV: 11    Int: 17    God:
Gold:   10         SH:  4    Dex: 13    Spells: 6/7 levels left

rFire   . . .        h - +0 club
rCold   . . .        j - +0 buckler
rNeg    . . .        a - +0 robe
rPois   .            (no helmet)
rElec   .            (no cloak)
rCorr   .            (no gloves)
SInv    .            (no boots)
Will    .....        (no amulet)
Stlth   ++           (no ring)
HPRegen 0.24/turn    (no ring)
MPRegen 0.10/turn

%: no passive effects
@: no status effects
A: demonic touch 1
a: no special abilities


You were on level 3 of the Dungeon.
You visited 1 branch of the dungeon, and saw 3 of its levels.

You collected 10 gold pieces.

Inventory:

Hand Weapons
 h - a +0 club (weapon)
Missiles
 f - 4 curare-tipped darts (quivered)
Armour
 a - a +0 robe (worn)
 j - a +0 buckler (worn)
Wands
 l - a wand of flame (15)
Scrolls
 c - a scroll of noise {unknown}
 d - a scroll of immolation {unknown}
 e - a scroll of vulnerability {unknown}
 g - a scroll of enchant weapon {unknown}
 i - a scroll of identify {unknown}
 m - a scroll of blinking {unknown}
 o - a scroll of teleportation {unknown}
Potions
 b - a potion of magic
 k - a potion of curing {unknown}
 n - a potion of lignification {unknown}


   Skills:
 + Level 1.2 Fighting
 + Level 2.4 Dodging
 - Level 2.0 Stealth
 + Level 2.5 Spellcasting
 + Level 4.8 Necromancy


You had 6 spell levels left.
You knew the following spells:

 Your Spells              Type           Power      Damage    Failure   Level
a - Necrotise             Necr           72%        1d7       4%          1

Your spell library contained the following spells:

 Spells                   Type           Power      Damage    Failure   Level
 Fugue of the Fallen      Necr           18%        N/A       12%         3
 Vampiric Draining        Necr           18%        2d7       12%         3
 Animate Dead             Necr           18%        N/A       36%         4
 Ensorcelled Hibernation  Hex/Ice        4%         N/A       41%         2
 Anguish                  Hex/Necr       5%         N/A       73%         4
 Curse of Agony           Necr           18%        N/A       73%         5


Dungeon Overview and Level Annotations

Branches:
Dungeon (3/15)

Altars:
Cheibriados


Innate Abilities, Weirdness & Mutations

Your touch may inflict minor irresistible damage on your foes.


Message History

Confirm with . or Enter, or press ? or * to list all spells.
You don't have enough magic to cast this spell.
Casting: Necrotise (safe; 4% risk of failure)
Confirm with . or Enter, or press ? or * to list all spells.
You don't have enough magic to cast this spell.
Casting: Necrotise (safe; 4% risk of failure)
Confirm with . or Enter, or press ? or * to list all spells.
You don't have enough magic to cast this spell.
The web tears apart.
You hit the ribbon worm.
The ribbon worm is severely wounded.
The ribbon worm closely misses you. You block the ribbon worm's attack.
Casting: Necrotise (safe; 4% risk of failure)
Confirm with . or Enter, or press ? or * to list all spells.
Aiming: Necrotise (safe; 4% risk of failure)
Press: ? - help, Shift-Dir - straight line, f/p - ribbon worm
Aim: a ribbon worm (heavily wounded, chance to affect: 83%)
The ribbon worm writhes in agony.
Casting: Necrotise (safe; 4% risk of failure)
Confirm with . or Enter, or press ? or * to list all spells.
You don't have enough magic to cast this spell.
Casting: Necrotise (safe; 4% risk of failure)
Confirm with . or Enter, or press ? or * to list all spells.
You don't have enough magic to cast this spell.
You hit the ribbon worm.
The ribbon worm is almost dead.
The ribbon worm bites you.
* * * LOW HITPOINT WARNING * * *
The ribbon worm expels a string of sticky webbing.
The stream of webbing hits you but does no damage.
You are caught in a web!
Your magical contamination has completely faded away.
There is a web here.
You struggle to detach yourself from the web.
The web tears apart.
The ribbon worm attacks as it pursues you!
The ribbon worm barely misses you.
The ribbon worm attacks as it pursues you!
The ribbon worm bites you.
You die...

#.##.####...#......#############
#...........#.####.#
#.#...##....#.# #.#
#.##..##....#.. ...
#.##...#....### #.##
#####......... ..# #.##..#.##
#.##....########
#.##......w@...#
.##....#####.### #.............
#.#........###
#.#.##.#########.# ....
#...........# ##.#.
#..##....########### #.#.
#..##.##............ # ##
#.....#######.......


You could see a ribbon worm (catching breath).

Vanquished Creatures
  Jessica (D:3)
  3 bats
  2 endoplasms (D:1)
  A giant cockroach (D:1)
  2 goblins
  5 hobgoblins
  5 jackals
  4 kobolds
  3 quokkas
  2 ball pythons
  A rat (D:2)
29 creatures vanquished.

Vanquished Creatures (collateral kills)
  A ball python (D:3)
1 creature vanquished.

Grand Total: 30 creatures vanquished

Notes
Turn   | Place    | Note
-------+----------+-------------------------------------------
     0 | D:1      | PaiMei the Demonspawn Necromancer began the quest for the
                  | Orb.
     0 | D:1      | Reached XP level 1. HP: 13/13 MP: 3/3
   634 | D:1      | Gained mutation: Your touch may inflict minor irresistible
                  | damage on your foes. [demonic ancestry]
   634 | D:1      | Reached XP level 2. HP: 9/19 MP: 0/5
  1796 | D:2      | Found a snail-covered altar of Cheibriados.
  1798 | D:2      | Found a faded altar of an unknown god.
  1912 | D:2      | Reached XP level 3. HP: 25/25 MP: 1/6
  2634 | D:3      | Noticed Jessica
  2646 | D:3      | Killed Jessica
  2647 | D:3      | Reached skill level 1 in Fighting
  2778 | D:3      | Slain by a ribbon worm

Illustrated notes

Levels and vault maps discovered:
D:1:      lightli_arrival_windingriver, layout_basic
D:2:      layout_loops_cross, basic_altar, shapermc_ecumenical_altar_acropolis,
          nicolae_grassy_gnolls
D:3:      layout_basic, lemuel_crystal_altar, chequers_serial_rivers_small_3,
          uniq_jessica

Skill      XL: |  1  2  3 |
---------------+----------+-----
Stealth        | 2 |  2.0
Dodging        | 2 |  2.4
Fighting       | 1 |  1.2
Spellcasting   | |  2.5
Necromancy     | |  4.8

Action                     || total
---------------------------++-------
  Melee: Unarmed           ||    21
         Touch             ||     3
         Club              ||    23
   Cast: Necrotise         ||    67
 Armour: Robe              ||    48
  Dodge: Dodged            ||    29
  Block: Buckler           ||     4
